 Dungeon Crawl Stone Soup version 0.29.0-4-gdea44cf6ec (webtiles) character file.

Game seed: 14315643864037589857

14491 qw the Grappler (level 11, -3/101 HPs)
             Began as a Troll Cinder Acolyte on Aug 30, 2022.
             Was an Initiate of Ignis.
             Killed from afar by a bog body (28 damage)
             ... with a bolt of cold
             ... on level 2 of the Lair of Beasts on Aug 31, 2022.
             The game lasted 00:04:59 (9980 turns).

qw the Grappler (Troll Cinder Acolyte)              Turns: 9980, Time: 00:05:00

Health: -3/101     AC:  6    Str: 34    XL:     11   Next: 89%
Magic:  0/11       EV:  7    Int: 10    God:    Ignis [......]
Gold:   564        SH: 15    Dex:  5    Spells: 12/12 levels left

rFire   + + .      SeeInvis .     - Unarmed
rCold   . . .      Faith    .   h - +0 tower shield
rNeg    . . .      Spirit   +   p - +2 robe {rF+}
rPois   .          Reflect  .   (helmet restricted)
rElec   .          Harm     .   (no cloak)
rCorr   .          Rampage  .   (gloves unavailable)
Will    +....                   (boots unavailable)
Stlth   +.........              a - amulet of guardian spirit
HPRegen 1.06/turn               e - +6 ring of strength
MPRegen 0.12/turn               j - ring of willpower

@: about to teleport
A: large, unfitting armour, claws 3, regeneration 1, shaggy fur 1, tough skin 1,
antennae 1, mutation resistance 1
a: Renounce Religion, Rising Flame


You were on level 2 of the Lair of Beasts.
You worshipped Ignis.
Ignis was noncommittal.
You visited 2 branches of the dungeon, and saw 11 of its levels.

You collected 564 gold pieces.


Innate Abilities, Weirdness & Mutations

You are too large for most types of armour.
You have claws for hands.
Your natural rate of healing is unusually fast.
You are covered in fur. (AC +1)
You have tough skin. (AC +1)
You have a pair of small antennae on your head.
You are somewhat resistant to further mutation.


   Skills:
 - Level 4.7 Fighting
 - Level 3.1 Throwing
 - Level 1.7 Dodging
 + Level 12.2 Shields
 - Level 12.8 Unarmed Combat
 - Level 1.0 Spellcasting
 - Level 2.1 Fire Magic


You had 12 spell levels left.
You didn't know any spells.
Your spell library contained the following spells:

 Spells                   Type           Power      Damage    Failure   Level
 Scorch                   Fire           8%         2d5       56%         2

Inventory:

Missiles
 c - a boomerang (quivered)
 s - a javelin
Armour
 f - a +2 robe of willpower
 h - a +0 tower shield (worn)
 p - a +2 robe of fire resistance (worn)
Jewellery
 a - an amulet of guardian spirit (around neck)
 d - a ring of positive energy
 e - a +6 ring of strength (left claw)
 j - a ring of willpower (right claw)
Scrolls
 g - a scroll of teleportation
 i - a scroll of enchant weapon
 m - a scroll of identify
 q - 2 scrolls of enchant armour
Potions
 b - a potion of might
 l - 4 potions of haste
 n - 6 potions of curing
 o - 2 potions of mutation

Dungeon Overview and Level Annotations

Branches:
Dungeon (9/15)             Temple (0/1) D:6            Lair (2/5) D:9
  Swamp (0/4) Lair:2        Snake (0/4) Lair:2
    Orc: D:9-12

Altars:
Ashenzari
Nemelex Xobeh
Okawaru
Ru
Sif Muna
Uskayaw
Vehumet
Xom

Shops:
D:7 (

Annotations:
D:2 1 runed translucent door, Crazy Yiuf


Message History

You start resting.
A blink frog is nearby!
You mangle the blink frog!!
You kill the blink frog!
You start resting.
Magic restored.
You start resting.
HP restored.
Things that are here:
a hydra corpse; a blink frog corpse
s - a javelin Your fiery armour burns out.
o - 2 potions of mutation (gained 1)
You now have 564 gold pieces (gained 5).
The bog body touches you. The bog body freezes you!!
You mangle the bog body!!
The bog body is heavily damaged.
The bog body barely misses you.
You closely miss the bog body.
The bog body is heavily damaged.
The bog body touches you! The bog body freezes you!!
You closely miss the bog body.
The bog body is heavily damaged.
The bog body touches you but does no damage.
You scratch the bog body.
The bog body is heavily damaged.
The bog body casts a spell at you. The bolt of cold hits you!!
9978 ||| READING 2 scrolls of teleportation.
As you read the scroll of teleportation, it crumbles to dust.
You feel strangely unstable. The bog body touches you!
The bog body freezes you!
9979 ||| DRINKING potion of heal wounds.
You feel much better. You block the bog body's attack.
You scratch the bog body.
The bog body is heavily damaged.
The bog body points at you and mumbles some strange words.
The bolt of cold hits you!!
You die...

##..7¤ .# ##...##.
#P¤¤¤¤7¤.P #....##.
##¤¤¤¤¤¤.# ##%..###
##.¤¤7¤~7.# ##...###
#P...¤¤¤..####......#
#.......[....#......#
#..................#
##.Pn...............
#P@................
#..)...............
#.........#........
#P........#........
##......P.#........
#..:...##..........
###....###.........
#...............#..
##.............####


You could see a bog body.

Vanquished Creatures
  2 boulder beetles
  2 hydras (Lair:2)
  Erica (D:9)
  A two-headed ogre (D:9)
  A bog body (Lair:2)
  A black mamba (Lair:2)
  A torpor snail (Lair:1)
  2 cane toads
  A rime drake (Lair:1)
  An unseen horror (D:9)
  6 komodo dragons
  5 blink frogs (Lair:2)
  4 yaks (Lair:1)
  A basilisk (Lair:1)
  Eustachio (D:6)
  2 steam dragons
  2 nagas (Lair:2)
  5 water moccasins
  3 orc warriors
  An ice beast (D:7)
  3 ogres
  3 black bears
  2 centaurs (D:9)
  A phantom (D:5)
  2 kobold brigands
  Blork the orc (D:6)
  A necrophage (D:7)
  A gnoll sergeant (D:9)
  8 scorpions
  8 bullfrogs
  8 wights
  5 killer bees (D:7)
  4 howler monkeys
  5 spriggan skeletons (D:9)
  A troll skeleton (D:9)
  3 hounds
  A gnoll bouda (D:6)
  5 orc priests
  2 jellies (D:7)
  Jessica (D:3)
  An iguana (D:6)
  Natasha (thrice) (D:2)
  8 orc wizards
  Robin (D:2)
  12 gnolls
  12 adders
  2 shadow imps (D:7)
  An ufetubus (D:7)
  2 worms
  3 dart slugs
  25 orcs
  4 bats
  5 endoplasms
  3 giant cockroaches
  17 goblins
  7 hobgoblins
  4 jackals (D:2)
  9 kobolds
  5 quokkas
  11 ball pythons
  2 frilled lizards
  8 rats
253 creatures vanquished.

Vanquished Creatures (others)
  7 fungi
  13 plants
  2 withered plants (D:1)
22 creatures vanquished.

Grand Total: 275 creatures vanquished

Notes
Turn   | Place    | Note
-------+----------+-------------------------------------------
     0 | D:1      | qw the Troll Cinder Acolyte began the quest for the Orb.
     0 | D:1      | Reached XP level 1. HP: 22/22 MP: 1/1
     0 | D:1      | 0 ||| qw: Version: 0.1-a-97-g2dd2ca4
     0 | D:1      | 0 ||| qw: Game counter: 4469
     0 | D:1      | 0 ||| qw: Always use a shield: true
     0 | D:1      | 0 ||| qw: God list: Okawaru
     0 | D:1      | 0 ||| qw: Allow faded altars: false
     0 | D:1      | 0 ||| qw: Do Orc after D:15 true
     0 | D:1      | 0 ||| qw: Do second Lair branch before Depths: true
     0 | D:1      | 0 ||| qw: Lair rune preference: random
     0 | D:1      | 0 ||| qw: Plans: Normal
     0 | D:1      | 0 ||| PLANNING D:1-11
   113 | D:1      | Reached XP level 2. HP: 29/29 MP: 2/2
   509 | D:1      | Found a faded altar of an unknown god.
   762 | D:1      | Reached XP level 3. HP: 36/36 MP: 3/3
   848 | D:1      | 848 ||| UPGRADING to +6 ring of strength.
   849 | D:1      | 849 ||| READING scroll labelled XAHOGE KEHY.
   850 | D:1      | 850 ||| READING scroll labelled MOPNAC CAMUL.
   872 | D:2      | 872 ||| STAIRDANCE
   883 | D:2      | Found a sparkling altar of Nemelex Xobeh.
   986 | D:2      | Noticed Robin
   987 | D:2      | 987 ||| INVOKING Fiery Armour.
   992 | D:2      | Reached skill level 1 in Throwing
  1004 | D:2      | Killed Robin
  1022 | D:2      | 1022 ||| Stepping ~*~*~tactically~*~*~ (stealth).
  1025 | D:2      | 1025 ||| Stepping ~*~*~tactically~*~*~ (outnumbered).
  1026 | D:2      | 1026 ||| Stepping ~*~*~tactically~*~*~ (outnumbered).
  1135 | D:2      | Noticed Natasha
  1137 | D:2      | Killed Natasha
  1138 | D:2      | Reached XP level 4. HP: 44/44 MP: 4/4
  1160 | D:2      | Noticed Natasha
  1167 | D:2      | 1167 ||| Stepping ~*~*~tactically~*~*~ (outnumbered).
  1168 | D:2      | 1168 ||| Stepping ~*~*~tactically~*~*~ (outnumbered).
  1169 | D:2      | 1169 ||| Stepping ~*~*~tactically~*~*~ (outnumbered).
  1172 | D:2      | Killed Natasha
  1223 | D:2      | Reached XP level 5. HP: 50/50 MP: 5/5
  1377 | D:2      | Found a runed translucent door.
  1378 | D:2      | Noticed Crazy Yiuf
  1562 | D:2      | Noticed Natasha
  1563 | D:2      | 1563 ||| Stepping ~*~*~tactically~*~*~ (hiding).
  1569 | D:2      | Killed Natasha
  1837 | D:2      | 1837 ||| UPGRADING to ring of positive energy.
  1838 | D:2      | 1838 ||| DROPPING ring of magical power.
  1839 | D:2      | 1839 ||| READING scroll labelled KOAJOZ BYOWI.
  1840 | D:2      | 1840 ||| READING scroll labelled DITWUTO PYRRINT.
  1841 | D:2      | 1841 ||| READING 2 scrolls labelled FIXKEX BIDO.
  1842 | D:2      | 1842 ||| READING scroll labelled LOOCAU XOROHO.
  1895 | D:2      | 1895 ||| DRINKING 2 murky purple potions.
  1934 | D:2      | 1934 ||| DRINKING 2 purple potions.
  1935 | D:2      | 1935 ||| DRINKING 2 amethyst potions.
  1936 | D:2      | 1936 ||| DROPPING potion of lignification.
  2166 | D:3      | Reached skill level 6 in Unarmed Combat
  2401 | D:3      | Noticed Jessica
  2402 | D:3      | 2402 ||| Stepping ~*~*~tactically~*~*~ (hiding).
  2404 | D:3      | 2404 ||| Stepping ~*~*~tactically~*~*~ (outnumbered).
  2414 | D:3      | Killed Jessica
  2415 | D:3      | Reached XP level 6. HP: 48/59 MP: 6/6
  2901 | D:3      | 2901 ||| DROPPING ring of wizardry.
  2902 | D:3      | 2902 ||| UPGRADING to ring of willpower.
  2904 | D:3      | 2904 ||| READING scroll labelled QUSEAD DAUMPEO.
  2905 | D:3      | 2905 ||| DRINKING 2 fizzy grey potions.
  2906 | D:3      | 2906 ||| READING 3 scrolls of identify.
  2906 | D:3      | 2906 ||| IDENTIFYING fizzy purple potion
  2907 | D:3      | 2907 ||| READING 2 scrolls of identify.
  2907 | D:3      | 2907 ||| IDENTIFYING black potion
  2908 | D:3      | 2908 ||| DROPPING potion of attraction.
  2909 | D:3      | 2909 ||| DROPPING potion of degeneration.
  2969 | D:4      | 2969 ||| Stepping ~*~*~tactically~*~*~ (hiding).
  2972 | D:4      | 2972 ||| INVOKING Fiery Armour.
  2979 | D:4      | 2979 ||| Stepping ~*~*~tactically~*~*~ (outnumbered).
  3010 | D:4      | Found an iron altar of Okawaru.
  3110 | D:4      | Found a broken altar of Ashenzari.
  3120 | D:4      | 3120 ||| Stepping randomly (stuck).
  3388 | D:4      | Found a sacrificial altar of Ru.
  3738 | D:4      | 3738 ||| READING scroll labelled IPIHERY JIR KUFF.
  3739 | D:4      | 3739 ||| Stepping randomly (stuck).
  3740 | D:4      | 3740 ||| Stepping ~*~*~tactically~*~*~ (cloud).
  3782 | D:5      | Entered Level 5 of the Dungeon
  3792 | D:5      | Reached XP level 7. HP: 64/66 MP: 7/7
  3795 | D:5      | 3795 ||| INVOKING Fiery Armour.
  3795 | D:5      | HP: 15/66 [ogre/+0 giant club (11)]
  3796 | D:5      | 3796 ||| DRINKING potion of heal wounds.
  3889 | D:5      | Reached skill level 3 in Fighting
  3910 | D:5      | Found a radiant altar of Vehumet.
  4219 | D:5      | 4219 ||| READING scroll labelled ULIDWETOMI.
  4251 | D:5      | 4251 ||| READING scroll labelled ESOUC HOTAT.
  4252 | D:5      | 4252 ||| READING scroll labelled XIGUHI SEL.
  4253 | D:5      | 4253 ||| READING 2 scrolls of identify.
  4253 | D:5      | 4253 ||| IDENTIFYING blue potion
  4254 | D:5      | 4254 ||| DROPPING potion of brilliance.
  4327 | D:6      | Reached skill level 9 in Unarmed Combat
  4338 | D:6      | Reached skill level 1 in Dodging
  4338 | D:6      | Reached XP level 8. HP: 60/75 MP: 8/8
  4383 | D:6      | Found a shimmering blue altar of Sif Muna.
  4388 | D:6      | Noticed Blork the orc
  4389 | D:6      | 4389 ||| INVOKING Fiery Armour.
  4399 | D:6      | Killed Blork the orc
  4434 | D:6      | 4434 ||| Stepping ~*~*~tactically~*~*~ (outnumbered).
  4441 | D:6      | Noticed Eustachio
  4451 | D:6      | 4451 ||| Stepping ~*~*~tactically~*~*~ (hiding).
  4451 | D:6      | Found a staircase to the Ecumenical Temple.
  4461 | D:6      | Killed Eustachio
  4598 | D:6      | 4598 ||| FLEEEEING.
  4599 | D:6      | 4599 ||| FLEEEEING.
  4600 | D:6      | 4600 ||| FLEEEEING.
  4601 | D:6      | 4601 ||| FLEEEEING.
  4602 | D:6      | 4602 ||| FLEEEEING.
  4669 | D:6      | 4669 ||| Stepping ~*~*~tactically~*~*~ (hiding).
  4670 | D:6      | 4670 ||| Stepping ~*~*~tactically~*~*~ (hiding).
  4673 | D:6      | 4673 ||| Stepping ~*~*~tactically~*~*~ (hiding).
  4942 | D:6      | 4942 ||| UPGRADING to +2 robe of willpower.
  4952 | D:6      | 4952 ||| DROPPING +0 robe.
  4953 | D:6      | 4953 ||| READING scroll labelled MYFFUM EROR.
  5279 | D:7      | 5279 ||| Stepping ~*~*~tactically~*~*~ (outnumbered).
  5281 | D:7      | 5281 ||| Stepping ~*~*~tactically~*~*~ (outnumbered).
  5282 | D:7      | 5282 ||| Stepping ~*~*~tactically~*~*~ (outnumbered).
  5283 | D:7      | 5283 ||| Stepping ~*~*~tactically~*~*~ (outnumbered).
  5286 | D:7      | Reached XP level 9. HP: 61/84 MP: 9/9
  5427 | D:7      | Noticed a boulder beetle
  5428 | D:7      | 5428 ||| INVOKING Fiery Armour.
  5430 | D:7      | 5430 ||| Stepping ~*~*~tactically~*~*~ (outnumbered).
  5431 | D:7      | 5431 ||| Stepping ~*~*~tactically~*~*~ (outnumbered).
  5432 | D:7      | 5432 ||| Stepping ~*~*~tactically~*~*~ (outnumbered).
  5433 | D:7      | 5433 ||| Stepping ~*~*~tactically~*~*~ (outnumbered).
  5441 | D:7      | 5441 ||| Stepping ~*~*~tactically~*~*~ (outnumbered).
  5449 | D:7      | 5449 ||| Stepping ~*~*~tactically~*~*~ (outnumbered).
  5452 | D:7      | Reached skill level 3 in Throwing
  5474 | D:7      | 5474 ||| Stepping ~*~*~tactically~*~*~ (outnumbered).
  5486 | D:7      | 5486 ||| Stepping ~*~*~tactically~*~*~ (outnumbered).
  5517 | D:7      | Killed a boulder beetle
  5518 | D:7      | Reached skill level 12 in Unarmed Combat
  5532 | D:7      | 5532 ||| Stepping ~*~*~tactically~*~*~ (hiding).
  5742 | D:7      | 5742 ||| Stepping ~*~*~tactically~*~*~ (stealth).
  5744 | D:7      | 5744 ||| Stepping ~*~*~tactically~*~*~ (stealth).
  5751 | D:7      | 5751 ||| Stepping ~*~*~tactically~*~*~ (stealth).
  5796 | D:7      | Found Papyvoja's Antique Weapon Emporium.
  6094 | D:7      | 6094 ||| UPGRADING to +0 tower shield.
  6099 | D:7      | 6099 ||| READING 2 scrolls labelled ODOMAR BINIF.
  6200 | D:7      | 6200 ||| READING scroll labelled CIXICASAME.
  6201 | D:7      | 6201 ||| DRINKING 2 bubbling dark potions.
  6202 | D:7      | 6202 ||| READING 2 scrolls of identify.
  6202 | D:7      | 6202 ||| IDENTIFYING fuming ruby potion
  6203 | D:7      | 6203 ||| DROPPING scroll of silence.
  6238 | D:8      | 6238 ||| Stepping ~*~*~tactically~*~*~ (outnumbered).
  6240 | D:8      | 6240 ||| Stepping ~*~*~tactically~*~*~ (outnumbered).
  6243 | D:8      | 6243 ||| Stepping ~*~*~tactically~*~*~ (outnumbered).
  6244 | D:8      | 6244 ||| STAIRDANCE
  6249 | D:8      | 6249 ||| STAIRDANCE
  6255 | D:8      | 6255 ||| STAIRDANCE
  6258 | D:7      | Reached skill level 1 in Shields
  6350 | D:8      | 6350 ||| INVOKING Fiery Armour.
  6353 | D:8      | Reached XP level 10. HP: 72/94 MP: 10/10
  6582 | D:8      | 6582 ||| Stepping ~*~*~tactically~*~*~ (stealth).
  6591 | D:8      | Reached skill level 3 in Shields
  6797 | D:8      | Found a hide-covered altar of Uskayaw.
  6797 | D:8      | Found a shimmering altar of Xom.
  6970 | D:8      | 6970 ||| DRINKING 2 grey potions.
  6970 | D:8      | Gained mutation: You have a pair of small antennae on your
                  | head. [potion of mutation]
  6970 | D:8      | Gained mutation: You are somewhat resistant to further
                  | mutation. [potion of mutation]
  6971 | D:8      | 6971 ||| DRINKING 2 glowing emerald potions.
  7072 | D:8      | 7072 ||| DROPPING potion of ambrosia.
  7107 | D:9      | 7107 ||| Stepping ~*~*~tactically~*~*~ (hiding).
  7109 | D:9      | Noticed a boulder beetle
  7110 | D:9      | 7110 ||| INVOKING Fiery Armour.
  7111 | D:9      | 7111 ||| Stepping ~*~*~tactically~*~*~ (outnumbered).
  7115 | D:9      | 7115 ||| Stepping ~*~*~tactically~*~*~ (outnumbered).
  7119 | D:9      | 7119 ||| Stepping ~*~*~tactically~*~*~ (outnumbered).
  7121 | D:9      | 7121 ||| Stepping ~*~*~tactically~*~*~ (outnumbered).
  7130 | D:9      | Killed a boulder beetle
  7179 | D:9      | Noticed Erica
  7181 | D:9      | 7181 ||| Stepping ~*~*~tactically~*~*~ (hiding).
  7193 | D:9      | Killed Erica
  7194 | D:9      | Reached skill level 6 in Shields
  7367 | D:9      | Noticed a two-headed ogre
  7376 | D:9      | Killed a two-headed ogre
  7420 | D:9      | 7420 ||| FLEEEEING.
  7421 | D:9      | 7421 ||| FLEEEEING.
  7423 | D:9      | 7423 ||| INVOKING Fiery Armour.
  7502 | D:9      | 7502 ||| Stepping ~*~*~tactically~*~*~ (hiding).
  7503 | D:9      | 7503 ||| Stepping ~*~*~tactically~*~*~ (hiding).
  7676 | D:9      | Identified the +5 dagger of the Skies Above {vorpal, rF+
                  | rCorr Int-5}
  7678 | D:9      | 7678 ||| INVOKING Fiery Armour.
  7679 | D:9      | 7679 ||| Stepping ~*~*~tactically~*~*~ (outnumbered).
  7727 | D:9      | Found a staircase to the Lair.
  8066 | D:9      | 8066 ||| UPGRADING to +2 robe of fire resistance.
  8079 | D:9      | 8079 ||| UPGRADING to +2 robe of willpower.
  8084 | D:9      | 8084 ||| UPGRADING to +2 robe of fire resistance.
  8099 | D:9      | 8099 ||| PLANNING LAIR
  8099 | D:9      | 8099 ||| UPGRADING to amulet of guardian spirit.
  8141 | Lair:1   | Entered Level 1 of the Lair of Beasts
  8222 | Lair:1   | Noticed a cane toad
  8228 | Lair:1   | Killed a cane toad
  8229 | Lair:1   | Reached XP level 11. HP: 101/101 MP: 11/11
  8236 | Lair:1   | 8236 ||| DRINKING potion of cancellation.
  8355 | Lair:1   | 8355 ||| Stepping ~*~*~tactically~*~*~ (stealth).
  8358 | Lair:1   | Reached skill level 9 in Shields
  8359 | Lair:1   | 8359 ||| Stepping ~*~*~tactically~*~*~ (stealth).
  8370 | Lair:1   | 8370 ||| INVOKING Fiery Armour.
  8373 | Lair:1   | HP: 21/101 [torpor snail (9)]
  8374 | Lair:1   | 8374 ||| READING 4 scrolls of teleportation.
  8375 | Lair:1   | HP: 9/101 [rime drake/flash freeze (15)]
  8929 | Lair:1   | 8929 ||| READING 2 scrolls of identify.
  8929 | Lair:1   | 8929 ||| IDENTIFYING sedimented dark potion
  8930 | Lair:1   | 8930 ||| DROPPING potion of flight.
  8966 | Lair:2   | 8966 ||| STAIRDANCE
  9071 | Lair:2   | Found a staircase to the Snake Pit.
  9085 | Lair:2   | 9085 ||| FLEEEEING.
  9086 | Lair:2   | 9086 ||| FLEEEEING.
  9087 | Lair:2   | 9087 ||| STAIRDANCE
  9307 | Lair:2   | Noticed a seven-headed hydra
  9308 | Lair:2   | 9308 ||| INVOKING Fiery Armour.
  9314 | Lair:2   | Killed an eight-headed hydra
  9360 | Lair:2   | HP: 23/101 [poisoned by a black mamba]
  9365 | Lair:2   | HP: 16/101 [poisoned by a black mamba]
  9370 | Lair:2   | HP: 17/101 [poisoned by a black mamba]
  9534 | Lair:2   | Noticed a bog body
  9535 | Lair:2   | Found a staircase to the Swamp.
  9543 | Lair:2   | 9543 ||| INVOKING Fiery Armour.
  9543 | Lair:2   | HP: 25/101 [bog body (23)]
  9544 | Lair:2   | 9544 ||| READING 3 scrolls of teleportation.
  9544 | Lair:2   | Noticed a bog body
  9546 | Lair:2   | 9546 ||| DRINKING 2 potions of heal wounds.
  9547 | Lair:2   | Killed a bog body
  9706 | Lair:2   | Noticed an eight-headed hydra
  9707 | Lair:2   | 9707 ||| INVOKING Fiery Armour.
  9718 | Lair:2   | Killed an 11-headed hydra
  9731 | Lair:2   | Reached skill level 12 in Shields
  9977 | Lair:2   | HP: 20/101 [bog body/bolt of cold (26)]
  9978 | Lair:2   | 9978 ||| READING 2 scrolls of teleportation.
  9978 | Lair:2   | HP: 4/101 [bog body (11)]
  9979 | Lair:2   | 9979 ||| DRINKING potion of heal wounds.
  9980 | Lair:2   | Killed from afar by a bog body

Levels and vault maps discovered:
D:1:      tarquinn_simple_flora_water_e, layout_basic,
          ebering_ecumenical_altar_petrified
D:2:      kennysheep_six_static_rooms, layout_basic, basic_altar, uniq_robin,
          uniq_crazy_yiuf_cottage, uniq_natasha
D:3:      layout_basic, uniq_jessica
D:4:      layout_basic, nicolae_ru_awakened_eye, lemuel_crystal_altar,
          nicolae_ashenzari_skybound, serial_glass, glass_columns_a,
          glass_columns_a, hex_medium
D:5:      layout_cave_pools, mainiacjoe_overflow_cross_hatched
D:6:      layout_gridville, lemuel_tele_altar,
          minmay_temple_entry_gardened_gates, kennysheep_nub, abandoned_shop,
          uniq_blork_the_orc, uniq_eustachio
D:7:      layout_loops_corners, serial_shops, nicolae_shop_waterfront,
          grunt_potential
D:8:      layout_loops_ring, amethyst_overflow_temple_binary
D:9:      layout_roguey, dpeg_oklobed_lair, hangedman_tell_no_tales, uniq_erica
Lair:1:   layout_roguey, grunt_megastairs_2, infiniplex_staircase_pool_2
Lair:2:   layout_gridlike, skrybe_swamp_entry_bodies,
          guppyfry_snake_entry_island

Skill      XL: |  1  2  3  4  5  6  7  8  9 10 11 |
---------------+----------------------------------+-----
Unarmed Combat | 4 5 6 7 9 10 12 | 12.8
Throwing       | 1 2 3 |  3.1
Fighting       | 3 4 |  4.7
Dodging        | 1 |  1.7
Shields        | 1 8 12 | 12.2
Spellcasting   | |  1.0
Fire Magic     | |  2.1

Action                   |  1- 3 |  4- 6 |  7- 9 | 10-12 || total
-------------------------+-------+-------+-------+-------++-------
Melee: Unarmed           |    84 |   109 |   236 |   274 ||   703
       Punch             |     2 |     1 |     7 |       ||    10
Throw: Javelin           |    13 |    28 |    19 |    18 ||    78
       Boomerang         |       |       |    10 |    36 ||    46
Invok: Fiery Armour      |     1 |     1 |     4 |     7 ||    13
  Use: Scroll            |     2 |     8 |     8 |     4 ||    22
       Potion            |       |     4 |     2 |     5 ||    11
Armor: Robe              |    28 |    32 |    85 |    76 ||   221
       Skin              |       |       |       |     1 ||     1
Dodge: Dodged            |    21 |    26 |    78 |    50 ||   175
Block: Tower shield      |       |       |    14 |   166 ||   180

Table legend:
 A = Non-vault XP
 B = Vault XP
 C = Vault XP percentage of total XP
 D = Non-vault monster count
 E = Vault monster count
 F = Vault count percentage of total count
                 A         B        C        D         E       F
            +---------+---------+-------+---------+---------+-------
      Total |   16226 |    4476 |  21.6 |     203 |      50 |  19.8
            +---------+---------+-------+---------+---------+-------
        D:1 |      45 |       0 |   0.0 |      25 |       0 |   0.0
        D:2 |     124 |      91 |  42.3 |      18 |      18 |  50.0
        D:3 |     109 |      37 |  25.3 |      10 |       1 |   9.1
        D:4 |     245 |       0 |   0.0 |      18 |       0 |   0.0
        D:5 |     430 |       0 |   0.0 |      10 |       0 |   0.0
        D:6 |    1286 |     287 |  18.2 |      23 |       2 |   8.0
        D:7 |    1152 |    1474 |  56.1 |      23 |      17 |  42.5
        D:8 |     944 |       0 |   0.0 |      23 |       0 |   0.0
        D:9 |    2606 |    1555 |  37.4 |      22 |       8 |  26.7
     Lair:1 |    3981 |      90 |   2.2 |      15 |       1 |   6.2
     Lair:2 |    5304 |     942 |  15.1 |      16 |       3 |  15.8
            +---------+---------+-------+---------+---------+-------
